 Dungeon Crawl Stone Soup version 0.22.1-2-g9c5b331383 (webtiles) character file.

1274 Marnok the Basher (level 8, -3/68 HPs)
             Began as a Minotaur Gladiator on Nov 30, 2018.
             Was a Believer of Nemelex Xobeh.
             Slain by a hippogriff (4 damage)
             ... on level 7 of the Dungeon.
             The game lasted 00:33:42 (4766 turns).

Marnok the Basher (Minotaur Gladiator)              Turns: 4766, Time: 00:33:42

Health: -3/68      AC:  5    Str: 22    XL:     8   Next: 28%
Magic:  8/8        EV: 14    Int:  5    God:    Nemelex Xobeh [**....]
Gold:   267        SH:  0    Dex: 13    Spells: 7/7 levels left

rFire    . . .     SeeInvis .   o - +5 spear (pierce)
rCold    + . .     Gourm    .   (no shield)
rNeg     . . .     Faith    .   t - +2 leather armour {rC+}
rPois    .         Spirit   .   (helmet unavailable)
rElec    .         Reflect  .   (no cloak)
rCorr    .         Harm     .   j - +0 pair of gloves
MR       .....                  (no boots)
Stlth    ++........             (no amulet)
HPRegen  0.21/turn              (no ring)
MPRegen  0.11/turn              (no ring)

@: about to teleport
A: retaliatory headbutt, horns 3, agile 1, deformed body, no potion heal 1
a: Renounce Religion


You were on level 7 of the Dungeon.
You worshipped Nemelex Xobeh.
Nemelex Xobeh was pleased with you.
You were not hungry.

You visited 1 branch of the dungeon, and saw 7 of its levels.
You also visited: Ossuary.

You collected 267 gold pieces.

Inventory:

Hand Weapons
 a - a +1 flail
 o - a +5 spear of piercing (weapon)
 q - a +2 long sword of freezing
Missiles
 d - 3 throwing nets (quivered)
 k - 4 needles of sleeping
Armour
 c - a +1 hat
 j - a +0 pair of gloves (worn)
 t - a +2 leather armour of cold resistance (worn)
Scrolls
 b - 2 scrolls of identify
 h - 2 scrolls of remove curse {unknown}
 n - 2 scrolls of noise {unknown}
 p - 2 scrolls of immolation {unknown}
 r - a scroll of blinking
Potions
 e - a potion of mutation
 g - 2 potions of lignification
 m - a potion of brilliance
 u - 4 potions of flight {unknown}
 v - a potion of cancellation {unknown}
 w - a potion of magic
Miscellaneous
 i - a plain deck of escape {drawn: 4}
Comestibles
 f - 3 rations


   Skills:
 + Level 5.2 Fighting
 + Level 8.6 Maces & Flails
 + Level 2.4 Polearms
 + Level 2.3 Throwing
 + Level 4.4 Armour
 + Level 4.9 Dodging
 + Level 1.5 Stealth
 + Level 1.6 Invocations


You had 7 spell levels left.
You didn't know any spells.
Your spell library was empty.

Dungeon Overview and Level Annotations

Branches:
Dungeon (7/15)
 Temple: D:4-7

Altars:
Ashenzari
Cheibriados
Fedhas
Kikubaaqudgha
Nemelex Xobeh
Ru
Vehumet
Yredelemnul

Annotations:
D:4 2 transporters


Innate Abilities, Weirdness & Mutations

You reflexively headbutt those who attack you in melee.
You have a pair of large horns on your head.
You are agile. (Dex +2)
Armour fits poorly on your strangely shaped body.
Potions are less effective at restoring your health.


Message History

The hungry ghost barely misses you. You furiously retaliate!
You headbutt the hungry ghost.
You destroy the hungry ghost!
Your Polearms skill increases to level 2!
As you read the scroll of teleportation, it crumbles to dust.
You feel strangely unstable. The hippogriff misses you. x2
The hippogriff claws you.
* * * LOW HITPOINT WARNING * * *
The mummy hits you.
* * * LOW HITPOINT WARNING * * *
It was a potion of mutation.
You feel extremely strange.
You feel agile.
Your body twists and deforms.
Your system partially rejects the healing effects of potions.
The horns on your head grow some more.
Your +1 hat falls away!
The hound zombie closely misses you. You furiously retaliate!
You headbutt the hound zombie.
You destroy the hound zombie!
The hippogriff bites you.
You die...
Your body disappears without a glow.

,,,,,.................,,,,,,,*
,,,,,........##.######,,,,,,,*
**,*,..#.###W)..# *,,,,,,,*
*,*,,,#,* #H#..#*** *,,,,,,,*
*,*,..#.*##Z##....* *********
*,*,.....#..###H..#***,,,,,,*
*,,,........#.##...,,*,****,*
***,.....##.#.H##..*,*,****,*
**###.#*#.'5M@##.,,,,,,**,*
#.**#.#..##,,,**,*,**,****
*******#,*#..#.##,,,,**,,,,,,,,,,
*,,,,,,,,....###,,***************
*<******.##..#*,,** ,,*
***#,*#..#,,*** ***
*,,,,*##..,,,>* *,**** ##,,,,,**
****,**** *,,,,,,,*


You could see a hippogriff, a mummy and a crimson imp.

Vanquished Creatures
  A hungry ghost (D:7)
  A sky beast (D:5)
  An ogre (D:4)
  A big kobold (D:4)
  A scorpion (D:5)
  2 crimson imps
  2 centaur zombies (Ossuary)
  A human zombie (Ossuary)
  A jelly (D:5)
  A bullfrog skeleton (D:7)
  4 worker ants
  2 big kobold zombies (Ossuary)
  A hound zombie (D:7)
  A hound skeleton (D:7)
  4 mummies (Ossuary)
  A howler monkey zombie (D:5)
  3 adders
  2 shadow imps (D:6)
  An adder skeleton (D:6)
  2 worms
  2 dart slugs
  A leopard gecko (D:2)
  2 orcs (D:4)
  5 bats
  5 giant cockroaches
  3 gnoll zombies
  4 goblins
  7 hobgoblins
  2 jackals (D:5)
  A quokka (D:4)
  2 frilled lizards
  A jackal skeleton (D:5)
  6 kobolds
  A kobold zombie (Ossuary)
  An orc zombie (Ossuary)
  9 rats
85 creatures vanquished.

Vanquished Creatures (collateral kills)
  A hungry ghost (D:7)
  A steam dragon (D:6)
  An ogre (D:7)
  A centaur (D:7)
  A bullfrog (D:7)
  A crimson imp (D:7)
  An iguana (D:5)
7 creatures vanquished.

Grand Total: 92 creatures vanquished

Notes
Turn   | Place    | Note
-------+----------+-------------------------------------------
     0 | D:1      | Marnok the Minotaur Gladiator began the quest for the Orb.
     0 | D:1      | Reached XP level 1. HP: 18/18 MP: 0/0
   307 | D:1      | Reached XP level 2. HP: 20/25 MP: 1/1
   345 | D:1      | Found a sparkling altar of Nemelex Xobeh.
   349 | D:1      | Became a worshipper of Nemelex Xobeh the Trickster
   374 | D:1      | Received a gift from Nemelex Xobeh
   685 | D:1      | Reached skill level 4 in Maces & Flails
  1113 | D:2      | Reached * piety under Nemelex Xobeh
  1113 | D:2      | Received a gift from Nemelex Xobeh
  1175 | D:2      | Reached XP level 3. HP: 15/30 MP: 2/2
  1779 | D:2      | Found a basalt altar of Yredelemnul.
  1998 | D:3      | Reached skill level 1 in Armour
  2005 | D:3      | Found a snail-covered altar of Cheibriados.
  2186 | D:3      | Found an ancient bone altar of Kikubaaqudgha.
  2188 | D:3      | Found a blossoming altar of Fedhas.
  2299 | D:3      | Reached XP level 4. HP: 32/38 MP: 3/3
  2470 | D:3      | Found a sacrificial altar of Ru.
  2633 | D:4      | Found a radiant altar of Vehumet.
  2650 | D:4      | Noticed an ogre
  2687 | D:4      | Killed an ogre
  2687 | D:4      | Reached skill level 5 in Maces & Flails
  2687 | D:4      | Reached XP level 5. HP: 31/45 MP: 4/4
  2699 | D:4      | Found a transporter.
  2878 | D:5      | Entered Level 5 of the Dungeon
  2924 | D:4      | Found a transporter.
  2963 | D:4      | Reached skill level 6 in Maces & Flails
  2963 | D:4      | Reached XP level 6. HP: 45/52 MP: 5/5
  2968 | D:5      | Received a gift from Nemelex Xobeh
  3066 | D:5      | Reached ** piety under Nemelex Xobeh
  3575 | D:5      | Noticed a sky beast
  3596 | D:5      | Killed a sky beast
  3596 | D:5      | Reached skill level 7 in Maces & Flails
  3596 | D:5      | Reached XP level 7. HP: 20/59 MP: 6/6
  3623 | D:5      | Reached skill level 1 in Invocations
  3905 | D:5      | Found a shattered altar of Ashenzari.
  4027 | D:6      | Noticed a steam dragon
  4033 | D:6      | Killed a steam dragon
  4250 | D:7      | Noticed a hungry ghost
  4260 | D:7      | Killed a hungry ghost
  4260 | D:7      | Reached skill level 1 in Stealth
  4269 | D:7      | Reached skill level 8 in Maces & Flails
  4271 | D:7      | Noticed a hippogriff
  4277 | D:7      | Noticed a hungry ghost
  4278 | D:7      | Found a sand-covered staircase.
  4285 | Ossuary  | Entered an ossuary
  4434 | Ossuary  | Reached XP level 8. HP: 38/67 MP: 8/8
  4640 | Ossuary  | Reached skill level 5 in Fighting
  4724 | Ossuary  | Reached skill level 1 in Polearms
  4765 | D:7      | HP: 1/68 [mummy (3)]
  4766 | D:7      | Gained mutation: You are agile. (Dex +2) [potion of
                  | mutation]
  4766 | D:7      | Gained mutation: Armour fits poorly on your strangely
                  | shaped body. [potion of mutation]
  4766 | D:7      | Gained mutation: Potions are less effective at restoring
                  | your health. [potion of mutation]
  4766 | D:7      | Gained mutation: You have a pair of large horns on your
                  | head. [potion of mutation]
  4766 | D:7      | Slain by a hippogriff

Skill      XL: |  1  2  3  4  5  6  7  8 |
---------------+-------------------------+-----
Maces & Flails | 4 5 6 7 8 |  8.6
Armour         | 1 2 3 4 |  4.4
Fighting       | 3 4 5 |  5.2
Dodging        | 4 |  4.9
Invocations    | 1 |  1.6
Stealth        | 1 |  1.5
Polearms       | 2 |  2.4
Throwing       | |  2.3

Action                   |  1- 3 |  4- 6 |  7- 9 || total
-------------------------+-------+-------+-------++-------
Melee: Flail             |    83 |    71 |    20 ||   174
       Headbutt          |    14 |    11 |    21 ||    46
       Spear             |       |       |    57 ||    57
Evoke: Deck              |       |     7 |     5 ||    12
  Use: Potion            |     4 |     3 |     3 ||    10
       Scroll            |     2 |     6 |     7 ||    15
 Stab: Sleeping          |     1 |       |       ||     1
       Distracted        |       |       |     2 ||     2
  Eat: Chunk             |     1 |       |       ||     1
       Ration            |     1 |     2 |     1 ||     4
Armor: Leather armour    |    24 |    12 |    29 ||    65
       Chain mail        |       |    20 |       ||    20
Dodge: Dodged            |    55 |    45 |    52 ||   152
